 Dungeon Crawl Stone Soup version 0.28.0-45-g0d030f2227 (webtiles) character file.

Game seed: 7433986142046360371

186 mortz the Gusty (level 5, 0/28 HPs)
             Began as a Tengu Air Elementalist on Apr 10, 2022.
             Was an Initiate of Elyvilon.
             Killed by their own static electricity (3 damage)
             ... on level 4 of the Dungeon.
             The game lasted 00:26:23 (4186 turns).

mortz the Gusty (Tengu Air Elementalist)            Turns: 4186, Time: 00:26:24

Health: 0/28       AC:  3    Str:  9    XL:     5   Next: 66%
Magic:  1/10       EV: 14    Int: 17    God:    Elyvilon [......]
Gold:   131        SH:  0    Dex: 14    Spells: 3/10 levels left

rFire   . . .      SeeInvis .   l - +2 halberd (venom) {polearm}
rCold   . . .      Faith    .   (shield currently unavailable)
rNeg    . . .      Spirit   .   a - +0 robe
rPois   .          Reflect  .   (helmet restricted)
rElec   .          Harm     .   (no cloak)
rCorr   .          Rampage  .   g - +0 pair of gloves
Will    .....                   (boots unavailable)
Stlth   ++........              (no amulet)
HPRegen 0.09/turn               (no ring)
MPRegen 0.12/turn               (no ring)

@: flying quickly and evasively, quick
A: beak, talons 3, nimble flight
a: Renounce Religion


You were on level 4 of the Dungeon.
You worshipped Elyvilon.
Elyvilon was noncommittal.
You visited 2 branches of the dungeon, and saw 5 of its levels.

You collected 131 gold pieces.


Innate Abilities, Weirdness & Mutations

You have a beak for a mouth.
You have claws for feet.
Your magical nature lets you fly swiftly and evasively.


   Skills:
 + Level 0.2 Fighting
 + Level 2.2 Dodging
 + Level 2.4 Stealth
 + Level 3.1 Spellcasting
 + Level 3.5 Conjurations
 * Level 6.0 Air Magic


You had 3 spell levels left.
You knew the following spells:

 Your Spells              Type           Power      Damage    Failure   Level
a - Shock                 Conj/Air       72%        1d7       2%          1
b - Static Discharge      Conj/Air       18%        N/A       3%          2
c - Airstrike             Air            11%        N/A       14%         4

Your spell library contained the following spells:

 Spells                   Type           Power      Damage    Failure   Level
 Swiftness                Air            23%        N/A       4%          3
 Apportation              Tloc           4%         N/A       17%         1
 Alistair's Intoxication  Tmut/Pois      1%         N/A       99%         5

Inventory:

Hand Weapons
 f - a +0 short sword {short}
   (You took it off a kobold on level 1 of the Dungeon)
 k - a +0 long sword {long}
   (You found it on level 2 of the Dungeon)
 l - a +2 halberd of venom (weapon) {polearm}
   (You took it off a gnoll on level 2 of the Dungeon)
 m - a +0 flail {mace}
   (You took it off a gnoll on level 2 of the Dungeon)
 n - a +0 dagger of venom {short}
   (You took it off a goblin on level 2 of the Dungeon)
Missiles
 d - 109 stones {throwing}
 o - 3 silver boomerangs {throwing}
 w - 3 boomerangs {throwing}
Armour
 a - a +0 robe (worn)
 g - a +0 pair of gloves (worn)
   (You found it on level 4 of the Dungeon)
 h - a +0 plate armour
   (You found it on level 1 of the Dungeon)
 p - a +0 leather armour
   (You found it on level 2 of the Dungeon)
 x - a +3 ring mail
   (You took it off an orc on level 3 of the Dungeon)
Wands
 v - a wand of mindburst (16)
   (You took it off a goblin on level 3 of the Dungeon)
Scrolls
 j - 2 scrolls of fog
 q - a scroll of fear
Potions
 b - a potion of heal wounds {unknown}
 c - 3 potions of lignification {!q}
 e - a potion of berserk rage {!q}
 i - a potion of invisibility {unknown}
 r - a potion of might {unknown}
 s - a potion of degeneration {unknown}
 t - 2 potions of mutation {unknown}
 u - a potion of attraction {unknown}

Dungeon Overview and Level Annotations

Branches:
Dungeon (4/15)             Temple (1/1) D:4

Altars:
Cheibriados
Dithmenos
Elyvilon
Kikubaaqudgha
Okawaru
Qazlal
Sif Muna
Uskayaw
Vehumet
Xom

Shops:
D:1 (

Annotations:
D:3 Jessica
D:4 exclusion: black bear

####.#.# #..#
#....#.# #...
#.#<.#.# #.##
####.#..#.#
#.##
###^...#....#
#.#
#...#######.#
#.##
#.#....#.h..#
#)..
#.####.#.##.#
#... #@# #.#.
#.###... #.#
#...##.##....
#.#
#............
#.#
#.####.##....
#.####.#
#.###...
#......# #.#
#### #####..#
#.# #..# #.#
#..# #.#


There were no monsters in sight!


Message History

You closely miss the butterfly. Your kick misses the butterfly.
Your peck misses the butterfly.
t - 2 bubbling inky potions
Found a staircase to the Ecumenical Temple.
An orc comes into view. It is wielding a +0 hand axe.
Aiming: Shock (safe; 2% risk of failure)
Press: ? - help, Q - select action, (/) - cycle Shift-Dir - straight line, f - orc
Aim: an orc, wielding a +0 hand axe (asleep, 100% to hit)
The zap hits the orc.
The orc shouts! 😎 MP[-1]
You lost 1 mp, and now have 9/10 mp.
Aiming: Shock (safe; 2% risk of failure)
Press: ? - help, Q - select action, (/) - cycle Shift-Dir - straight line, f/p - orc
Aim: an orc, wielding a +0 hand axe (heavily wounded, 71% to hit)
The zap hits the orc.
You kill the orc! 😎 MP[-1]
You lost 1 mp, and now have 8/10 mp.
You start resting.
A black bear is nearby!
The black bear growls angrily. 😎 MP[+1]
There is a staircase to the Ecumenical Temple here.
You fly downwards.
Welcome to the Ecumenical Temple!
There is a staircase back to the Dungeon here.
You completely miss the butterfly.
Your kick misses the butterfly. 😎 MP[+1]
Your mp is fully restored (10).
You reach down and open the gate.
Found three altars.
There is an open gate here.
Found a shimmering altar of Xom.
You reach down and close the gate.
Found a white marble altar of Elyvilon.
You hit the bush but do no damage. You claw the bush.
Found a shimmering blue altar of Sif Muna.
Found a stormy altar of Qazlal.
There is a white marble altar of Elyvilon here.
You hover solemnly before the altar of Elyvilon.
Elyvilon welcomes you!
Found a hide-covered altar of Uskayaw.
Found an iron altar of Okawaru and an ancient bone altar of Kikubaaqudgha.
There is a hide-covered altar of Uskayaw here.
Done exploring.
Done exploring.
As you open the gate, it creaks loudly!
There is an open gate here.
There is a staircase back to the Dungeon here.
You fly upwards.
Welcome back to the Dungeon!
Level annotation: exclusion: black bear
There is a staircase to the Ecumenical Temple here.
Aiming: Shock (safe; 2% risk of failure)
Press: ? - help, Q - select action, (/) - cycle Shift-Dir - straight line The zap hits the black bear. x2 😎 MP[-1]
You lost 1 mp, and now have 9/10 mp.
Aiming: Shock (safe; 2% risk of failure)
Press: ? - help, Q - select action, (/) - cycle Shift-Dir - straight line The zap hits the black bear! 😎 MP[-1]
You lost 1 mp, and now have 8/10 mp.
Aiming: Shock (safe; 2% risk of failure)
Press: ? - help, Q - select action, (/) - cycle Shift-Dir - straight line The zap misses the black bear. 😎 MP[-1]
You lost 1 mp, and now have 7/10 mp.
Aiming: Shock (safe; 2% risk of failure)
Press: ? - help, Q - select action, (/) - cycle Shift-Dir - straight line The zap hits the black bear.
The black bear goes berserk! 😎 MP[-1]
You lost 1 mp, and now have 6/10 mp.
Aiming: Shock (safe; 2% risk of failure)
Press: ? - help, Q - select action, (/) - cycle Shift-Dir - straight line The zap hits the black bear. 😎 MP[-1]
You lost 1 mp, and now have 5/10 mp.
Casting: Shock (safe; 2% risk of failure)
Confirm with . or Enter, or press ? or * to list all spells.
The black bear is struck by an arc of lightning.
The lightning grounds out.
The black bear bites you! The black bear claws you.
* * * LOW HITPOINT WARNING * * *
The black bear claws you.
* * * LOW HITPOINT WARNING * * *
The black bear bites you!
* * * LOW HITPOINT WARNING * * *
The black bear claws you.
* * * LOW HITPOINT WARNING * * *
The black bear closely misses you. 😱 HP[-25] MP[-2]
You take 25 damage, and now have 3/28 hp.
MASSIVE DAMAGE!! (PAUSE)
You lost 2 mp, and now have 3/10 mp.
Casting: Static Discharge (safe; 3% risk of failure)
Confirm with . or Enter, or press ? or * to list all spells.
The black bear is struck by an arc of lightning.
You kill the black bear!
You are struck by an arc of lightning.
You die...

Skill      XL: |  1  2  3  4  5 |
---------------+----------------+-----
Conjurations   | 2 3 |  3.5
Air Magic      | 5 6 |  6.0
Spellcasting   | 3 |  3.1
Fighting       | |  0.2
Dodging        | |  2.2
Stealth        | |  2.4

Action                   |  1- 3 |  4- 6 || total
-------------------------+-------+-------++-------
Melee: Halberd           |       |     3 ||     3
       Kick              |       |     1 ||     1
 Cast: Shock             |    52 |   113 ||   165
       Static Discharge  |     3 |    13 ||    16
  Use: Scroll            |       |     7 ||     7
Armor: Robe              |     2 |     2 ||     4
Dodge: Dodged            |     9 |    12 ||    21

Levels and vault maps discovered:
D:1:      onia_arrival_mini_spirals, layout_rooms, serial_shops,
          nicolae_shop_stone, ebering_ecumenical_altar_abandoned, nrook_campfire
D:2:      layout_rooms
D:3:      layout_loops_ring, chequers_serial_rivers_micro_d,
          chequers_serial_rivers_micro_a, uniq_robin, uniq_jessica
D:4:      layout_loops_ring, minmay_temple_entry_butterflies,
          minmay_crystal_water
Temple:   cyrus_temple_forest

Notes
Turn   | Place    | Note
-------+----------+-------------------------------------------
     0 | D:1      | mortz the Tengu Air Elementalist began the quest for the
                  | Orb.
     0 | D:1      | Reached XP level 1. HP: 10/10 MP: 4/4
     0 | D:1      | magus.rc [v1.9.6]
   320 | D:1      | Reached XP level 2. HP: 15/15 MP: 1/6
   323 | D:1      | Learned a level 2 spell: Static Discharge
   551 | D:1      | Found a faded altar of an unknown god.
  1014 | D:1      | Reached XP level 3. HP: 19/19 MP: 3/7
  1232 | D:1      | Found Vial's Weapon Shoppe.
  1328 | D:2      | Reached skill level 2 in Conjurations
  1332 | D:2      | Reached XP level 4. HP: 24/24 MP: 1/8
  1404 | D:2      | Reached skill level 3 in Conjurations
  1545 | D:2      | Reached skill level 5 in Air Magic
  1688 | D:2      | Learned a level 4 spell: Airstrike
  1961 | D:2      | Gained mutation: Your magical nature lets you fly swiftly
                  | and evasively. [Tengu growth]
  1961 | D:2      | Reached XP level 5. HP: 19/28 MP: 0/10
  2197 | D:3      | Noticed Robin
  2621 | D:3      | Reached skill level 3 in Spellcasting
  2902 | D:3      | Noticed Jessica
  3270 | D:3      | Killed Robin
  3788 | D:4      | You pick up a book of Party Tricks and begin reading...
  3788 | D:4      | You add the spells Apportation and Alistair's Intoxication
                  | to your library.
  3856 | D:4      | Noticed a black bear
  3900 | D:4      | Reached skill level 6 in Air Magic
  3934 | D:4      | Noticed a black bear
  4030 | D:4      | Found a staircase to the Ecumenical Temple.
  4052 | Temple   | Entered the Ecumenical Temple
  4094 | Temple   | Became a worshipper of Elyvilon the Healer
  4185 | D:4      | HP: 5/28 [black bear (7)]
  4186 | D:4      | Killed a black bear
  4186 | D:4      | Killed from afar by themself

Vanquished Creatures
  A black bear (D:4)
  Robin (D:3)
  4 gnolls (D:2)
  4 adders
  4 worms
  3 dart slugs
  8 orcs
  3 bats
  3 endoplasms
  3 giant cockroaches (D:1)
  16 goblins
  7 hobgoblins
  7 kobolds
  A quokka (D:1)
  3 ball pythons
  A frilled lizard (D:2)
  5 rats
74 creatures vanquished.

Table legend:
 A = Non-vault XP
 B = Vault XP
 C = Vault XP percentage of total XP
 D = Non-vault monster count
 E = Vault monster count
 F = Vault count percentage of total count
                 A         B        C        D         E       F
            +---------+---------+-------+---------+---------+-------
      Total |     356 |      37 |   9.4 |      62 |      12 |  16.2
            +---------+---------+-------+---------+---------+-------
        D:1 |      38 |       0 |   0.0 |      19 |       0 |   0.0
        D:2 |     127 |       2 |   1.6 |      21 |       1 |   4.5
        D:3 |      42 |      35 |  45.5 |      16 |      11 |  40.7
        D:4 |     149 |       0 |   0.0 |       6 |       0 |   0.0
            +---------+---------+-------+---------+---------+-------

Illustrated notes

Table legend:
 A = Kills in this place as a percentage of kills in entire the game.
 B = Kills by you in this place as a percentage of kills by you in the entire game.
 C = Kills by friends in this place as a percentage of kills by friends in the entire game.
 D = Other kills in this place as a percentage of other kills in the entire game.
 E = Experience gained in this place as a percentage of experience gained in the entire game.
 F = Experience gained in this place divided by the number of levels of this place that you have seen.
                   A       B       C       D       E      F
               +-------+-------+-------+-------+-------+----------------------
         Total | 100.0 | 100.0 |   N/A |   N/A | 100.0 |  78.6
       Dungeon | 100.0 | 100.0 |   N/A |   N/A | 100.0 |  98.2
               +-------+-------+-------+-------+-------+----------------------

Table legend: (Time is in decaauts)
 A = Elapsed time spent in this place.
 B = Non-inter-level travel time spent in this place.
 C = Inter-level travel time spent in this place.
 D = Time resting spent in this place.
 E = Time spent auto-exploring this place.
 F = Levels seen in this place.
 G = Mean time per level.
                   A        B        C        D        E       F      G
               +--------+--------+--------+--------+--------+-----+--------+
         Total |   4051 |   3907 |    144 |   1034 |   2018 |   5 |  810.2 |
       Dungeon |   3960 |   3816 |    144 |   1034 |   2000 |   4 |  990.0 |
        Temple |     90 |     90 |      0 |      0 |     18 |   1 |   90.0 |
               +--------+--------+--------+--------+--------+-----+--------+

Top non-repeatable levels by time:
     D:1: 1497 daAuts
     D:3: 1255 daAuts
     D:2: 921 daAuts
     D:4: 285 daAuts
  Temple: 90 daAuts
